 Dungeon Crawl Stone Soup version 0.30.1-9-gdf580d7c3d (webtiles) character file.

Game seed: 14520345128582169400

6 booth the Insei (level 1, 0/15 HPs)
             Began as a Demonspawn Transmuter on Oct 24, 2023.
             Killed from afar by a dart slug (3 damage)
             ... with a slug dart
             ... on level 1 of the Dungeon.
             The game lasted 00:01:39 (181 turns).

booth the Insei (Demonspawn Transmuter)              Turns: 181, Time: 00:01:40

Health: 0/15       AC:  5    Str: 10    XL:     1   Next: 75%
Magic:  1/3        EV: 12    Int: 14    God:
Gold:   9          SH:  0    Dex: 13    Spells: 3/4 levels left

rFire   . .          .
                       - Unarmed
rCold   . . .        (no shield)
rNeg    . . .        a - +0 robe
rPois   .            (helmet currently unavailable)
rElec   .            (no cloak)
rCorr   .            f - +2 pair of gloves
SInv    .            (boots currently unavailable)
Will    .....        (no amulet)
Stlth   +            (no ring)
HPRegen 0.22/turn    (no ring)
MPRegen 0.08/turn

%: no passive effects
@: appendages (expiring)
A: horns 2, talons 2
a: End Transformation


You were on level 1 of the Dungeon.
You had temporarily grown beastly horns and talons.
You visited 1 branch of the dungeon, and saw 1 of its levels.

You collected 9 gold pieces.

Inventory:

Missiles
 c - 5 poisoned darts (quivered)
 e - 4 curare-tipped darts
Armour
 a - a +0 robe (worn)
 f - a +2 pair of gloves (worn)
Scrolls
 d - 2 scrolls of identify {unknown}
 g - a scroll of fear {unknown}
Potions
 b - a potion of lignification


   Skills:
 + Level 1.1 Fighting
 + Level 1.9 Dodging
 * Level 2.8 Unarmed Combat
 + Level 2.0 Spellcasting
 * Level 2.0 Transmutations


You had 3 spell levels left.
You knew the following spells:

 Your Spells              Type           Power      Damage    Failure   Level
a - Beastly Appendage     Tmut           14%        N/A       11%         1

Your spell library contained the following spells:

 Spells                   Type           Power      Damage    Failure   Level
 Wereblood                Tmut           7%         N/A       16%         2
 Spider Form              Tmut/Pois      4%         N/A       43%         3
 Ice Form                 Ice/Tmut       4%         N/A       83%         4


Dungeon Overview and Level Annotations

Branches:
Dungeon (1/15)

Altars:


Innate Abilities, Weirdness & Mutations

You have temporarily grown beastly horns and talons.


Message History

The gnoll shouts!
The endoplasm quivers. x2
The endoplasm attacks as you move away! The endoplasm hits you.
Casting: Beastly Appendage (safe; 11% risk of failure)
Confirm with . or Enter, or press ? or * to list all spells.
You miscast Beastly Appendage.
You are very lightly contaminated with residual magic.
Nothing appears to happen.
The endoplasm freezes you.
You are frozen.
Casting: Beastly Appendage (safe; 11% risk of failure)
Confirm with . or Enter, or press ? or * to list all spells.
You grow a pair of large bovine horns.
Your feet morph into talons.
The endoplasm closely misses you.
You hit the endoplasm but do no damage. You claw the endoplasm.
You headbutt the endoplasm.
The endoplasm is heavily wounded.
The endoplasm hits you but does no damage.
You completely miss the endoplasm.
You claw the endoplasm, but do no damage.
The endoplasm is heavily wounded.
The endoplasm closely misses you.
You completely miss the endoplasm. You headbutt the endoplasm.
You kill the endoplasm!
The dart slug launches a dart at you. The slug dart misses you.
Your Transmutations skill increases to level 2!
Your transformation is almost over.
The gnoll hits you from afar with a +0 spear.
You hit the dart slug but do no damage. You claw the dart slug!
The dart slug is severely wounded.
The dart slug closely misses you.
The gnoll hits you from afar with a +0 spear.
* * * LOW HITPOINT WARNING * * *
Your magical contamination has completely faded away.
You barely miss the dart slug.
The dart slug is severely wounded.
The dart slug launches a dart at you. The slug dart hits you.
You die...

.......## ###..#.#
........# #....#.> #
........####.#######
)#
........#.......#..
..
.......#######..#.#
>#.# #....###
#..#J#J..:# ####+#
#..Sg....# .###.##
#.#w##..w. ..#...#
...#@# #. ..'...#
#####.# ..#...# #.#
.###.## #.# ####.#
#.# ###..# #..
....## #.. ##### ##.
#.


You could see a gnoll, a dart slug, an endoplasm and a ball python.

Vanquished Creatures
  2 endoplasms (D:1)
  A giant cockroach (D:1)
  A kobold (D:1)
  A rat (D:1)
5 creatures vanquished.

Notes
Turn   | Place    | Note
-------+----------+-------------------------------------------
     0 | D:1      | booth the Demonspawn Transmuter began the quest for the
                  | Orb.
     0 | D:1      | Reached XP level 1. HP: 15/15 MP: 3/3
   181 | D:1      | Killed from afar by a dart slug

Illustrated notes

Levels and vault maps discovered:
D:1:      dpeg_arrival_three_smaller_balls, layout_loops_ring,
          minmay_pentomino_v4

Skill      XL: |  1 |
---------------+----+-----
Transmutations | 2 |  2.0
Fighting       | |  1.1
Dodging        | |  1.9
Unarmed Combat | |  2.8
Spellcasting   | |  2.0

Action                     || total
---------------------------++-------
  Melee: Unarmed           ||    22
         Kick              ||     8
         Headbutt          ||     3
   Cast: Beastly Appendage ||     4
 Armour: Robe              ||     5
  Dodge: Dodged            ||    10
